 Dungeon Crawl Stone Soup version 0.29-a0-43-g62a80824bf (webtiles) character file.

Game seed: 9606252746717598940

2060 siradein the Shooter (level 9, -4/79 HPs)
             Began as a Minotaur Hunter on Feb 2, 2022.
             Was an Initiate of Yredelemnul.
             Slain by a wyvern (8 damage)
             ... on level 8 of the Dungeon.
             The game lasted 00:26:28 (8889 turns).

siradein the Shooter (Minotaur Hunter)              Turns: 8889, Time: 00:26:29

Health: -4/79      AC:  9    Str: 17    XL:     9   Next: 5%
Magic:  9/9        EV: 13    Int:  8    God:    Yredelemnul [......]
Gold:   365        SH:  0    Dex: 15    Spells: 8/8 levels left

rFire   . . .      SeeInvis .   a - +1 shortbow
rCold   + . .      Faith    .   (shield currently unavailable)
rNeg    . . .      Spirit   .   B - +2 ring mail {rC+}
rPois   .          Reflect  .   (helmet restricted)
rElec   .          Harm     .   (no cloak)
rCorr   .          Rampage  .   k - +0 pair of gloves
Will    .....                   p - +0 pair of boots
Stlth   ++........              (no amulet)
HPRegen 0.23/turn               (no ring)
MPRegen 0.11/turn               (no ring)

@: no status effects
A: horns 2, retaliatory headbutt
a: Renounce Religion, Recall Undead Harvest


You were on level 8 of the Dungeon.
You worshipped Yredelemnul.
Yredelemnul was noncommittal.
You visited 2 branches of the dungeon, and saw 9 of its levels.

You collected 365 gold pieces.

Inventory:

Hand Weapons
 a - a +1 shortbow (weapon)
 m - a +2 dagger of venom
 t - a +0 rapier
 u - a +0 hunting sling
Missiles
 d - 122 arrows (quivered ammo)
 e - 101 stones
 r - 12 poisoned darts
 y - 9 sling bullets
Armour
 k - a +0 pair of gloves (worn)
 p - a +0 pair of boots (worn)
 B - a +2 ring mail of cold resistance (worn)
Jewellery
 f - a ring of wizardry
 h - an amulet of magic regeneration
 F - a +6 ring of intelligence
Wands
 E - a wand of acid (4)
Scrolls
 b - 4 scrolls of teleportation
 g - a scroll of magic mapping
 o - 3 scrolls of immolation {unknown}
 A - a scroll of amnesia
 C - a scroll of acquirement
 D - a scroll of fog {unknown}
Potions
 j - 2 potions of lignification
 n - 2 potions of haste
 q - a potion of heal wounds {unknown}
 s - 2 potions of attraction {unknown}
 v - a potion of magic {unknown}
 w - a potion of cancellation {unknown}
 x - 3 potions of curing {unknown}
 z - 3 potions of invisibility {unknown}


   Skills:
 + Level 7.3 Fighting
 + Level 7.8 Bows
 + Level 6.7 Dodging
 + Level 5.2 Stealth
 + Level 2.1 Invocations


You had 8 spell levels left.
You didn't know any spells.
Your spell library contained the following spells:

 Spells                   Type           Power      Damage    Failure   Level
 Animate Skeleton         Necr           0%         N/A       63%         1
 Apportation              Tloc           0%         N/A       63%         1
 Freeze                   Ice            0%         1d3       63%         1
 Magic Dart               Conj           0%         1d3       63%         1
 Summon Small Mammal      Summ           0%         N/A       63%         1
 Searing Ray              Conj           0%         2d4       77%         2
 Frozen Ramparts          Ice            0%         1d2       94%         3
 Fulminant Prism          Conj/Hex       0%         3d6       100%        4
 Hailstorm                Conj/Ice       0%         3d3       100%        4
 Passage of Golubria      Tloc           0%         N/A       100%        4
 Silence                  Hex/Air        0%         N/A       100%        5
 Lehudib's Crystal Spear  Conj/Erth      0%         10d2      100%        8


Dungeon Overview and Level Annotations

Branches:
Dungeon (8/15)             Temple (1/1) D:6
   Lair: D:8-11

Altars:
Ashenzari
Cheibriados
Dithmenos
Fedhas
Hepliaklqana
Makhleb
Nemelex Xobeh
Okawaru
Qazlal
Ru
Trog
Uskayaw
Vehumet
Wu Jian
Xom
Yredelemnul
Zin
Ignis

Shops:
D:2 =

Annotations:
D:5 2 runed translucent doors


Innate Abilities, Weirdness & Mutations

You have a pair of horns on your head.
You reflexively headbutt those who attack you in melee.


Message History

You shoot an arrow. The arrow hits the black bear!
You kill the black bear!
You feel sick.
Your Invocations skill increases to level 2!
Fire: 127 arrows
Press: ? - help, Q - select action, (/) - cycle Shift-Dir - straight line, f - wyvern
Aim: a wyvern (66% to hit)
You shoot an arrow. The arrow closely misses the wyvern.
You feel sick.
You are no longer poisoned.
The wyvern barely misses you. You furiously retaliate!
You headbutt the wyvern, but do no damage.
Fire: 126 arrows
Press: ? - help, Q - select action, (/) - cycle Shift-Dir - straight line, f/p - wyvern
Aim: a wyvern (66% to hit)
You shoot an arrow. The arrow barely misses the wyvern.
The wyvern bites you!
* * * LOW HITPOINT WARNING * * *
The wyvern closely misses you.
Fire: 125 arrows
Press: ? - help, Q - select action, (/) - cycle Shift-Dir - straight line, f/p - wyvern
Aim: a wyvern (66% to hit)
You shoot an arrow. The arrow hits the wyvern.
The wyvern is lightly wounded.
The wyvern closely misses you.
Fire: 124 arrows
Press: ? - help, Q - select action, (/) - cycle Shift-Dir - straight line, f/p - wyvern
Aim: a wyvern (lightly wounded, 66% to hit)
You shoot an arrow. The arrow hits the wyvern!
The wyvern is heavily wounded.
The wyvern barely misses you. The wyvern bites you.
* * * LOW HITPOINT WARNING * * *
Fire: 123 arrows
Press: ? - help, Q - select action, (/) - cycle Shift-Dir - straight line, f/p - wyvern
Aim: a wyvern (heavily wounded, 66% to hit)
You shoot an arrow. The arrow hits the wyvern.
The wyvern is heavily wounded.
The wyvern bites you!
You die...
Your body rises from the dead as a mindless zombie.

### ## #.## ###
...#..##@.###.###
#...(l#..##...##
##(((##........#
..((............<#
.(............#.##
(...........<....#
..(..............#
.(........##....##
(........######.#


You could see a wyvern.

Vanquished Creatures
  3 water moccasins
  4 black bears
  2 ogres
  2 centaurs
  A phantom (D:4)
  3 scorpions
  5 howler monkeys
  5 hounds
  A scorpion zombie (D:5)
  2 iguanas (D:5)
  2 orc wizards
  2 hound skeletons
  Robin (D:3)
  7 gnolls
  A howler monkey skeleton (D:5)
  3 adders
  A white imp (D:7)
  4 ufetubi
  2 adder skeletons (D:4)
  A worm (D:3)
  2 dart slugs
  13 orcs
  6 endoplasms
  A giant cockroach (D:1)
  8 hobgoblins
  2 jackals (D:3)
  5 kobolds
  4 quokkas
  12 ball pythons
  7 bats
  8 frilled lizards
  17 goblins
  9 rats
146 creatures vanquished.

Vanquished Creatures (collateral kills)
  A jelly (D:7)
  A howler monkey skeleton (D:7)
  An ufetubus (D:7)
  3 orcs (D:7)
6 creatures vanquished.

Vanquished Creatures (others)
  A centaur zombie (D:7)
  A scorpion zombie (D:7)
  2 howler monkey zombies (D:8)
  A spectral jelly (D:7)
  4 orc zombies (D:7)
  2 fungi (D:1)
  4 plants
15 creatures vanquished.

Grand Total: 167 creatures vanquished

Notes
Turn   | Place    | Note
-------+----------+-------------------------------------------
     0 | D:1      | siradein the Minotaur Hunter began the quest for the Orb.
     0 | D:1      | Reached XP level 1. HP: 18/18 MP: 0/0
   235 | D:1      | Reached skill level 1 in Stealth
   335 | D:1      | Reached XP level 2. HP: 13/25 MP: 1/1
   489 | D:1      | Found a faded altar of an unknown god.
   956 | D:1      | Reached XP level 3. HP: 31/31 MP: 2/2
  1341 | D:2      | Found Cackay's Jewellery Shop.
  2353 | D:3      | Noticed a black bear
  2531 | D:3      | Noticed Robin
  2555 | D:3      | Reached XP level 4. HP: 9/38 MP: 3/3
  2558 | D:3      | Killed Robin
  2919 | D:3      | Reached skill level 5 in Bows
  3069 | D:3      | Noticed a scorpion
  3074 | D:3      | Killed a scorpion
  3075 | D:3      | Reached XP level 5. HP: 37/46 MP: 4/4
  3684 | D:4      | Noticed an ogre
  3747 | D:4      | Found a stormy altar of Qazlal.
  3932 | D:4      | Reached XP level 6. HP: 49/52 MP: 5/5
  4351 | D:4      | Reached skill level 5 in Fighting
  4351 | D:4      | Reached XP level 7. HP: 6/61 MP: 6/6
  5377 | D:2      | Found Cackay's Jewellery Shop.
  5648 | D:5      | Entered Level 5 of the Dungeon
  5659 | D:5      | Found an iron altar of Okawaru.
  5740 | D:5      | Reached skill level 5 in Dodging
  6242 | D:5      | Reached XP level 8. HP: 63/70 MP: 7/7
  6743 | D:5      | Found a runed translucent door.
  6891 | D:5      | Found a runed translucent door.
  7595 | D:6      | Found a staircase to the Ecumenical Temple.
  7603 | Temple   | Entered the Ecumenical Temple
  7710 | Temple   | Became a worshipper of Yredelemnul the Dark
  7753 | D:6      | Found a shimmering altar of Xom.
  7857 | D:6      | Noticed a death knight
  8223 | D:7      | Found a broken altar of Ashenzari.
  8275 | D:7      | Reached skill level 1 in Invocations
  8365 | D:7      | Reached * piety under Yredelemnul
  8472 | D:7      | Reached skill level 5 in Stealth
  8718 | D:7      | Found a sacrificial altar of Ru.
  8784 | D:7      | Identified a scroll of acquirement
  8880 | D:8      | Reached XP level 9. HP: 22/79 MP: 9/9
  8889 | D:8      | Slain by a wyvern

Illustrated notes

Levels and vault maps discovered:
D:1:      onia_arrival_mini_maze, layout_loops_ring,
          shapermc_ecumenical_altar_mp_ritualfount, glass_columns_a
D:2:      layout_loops_ring, serial_shops, nicolae_shop_hallway_plus,
          kennysheep_donut
D:3:      layout_loops_cross, serial_forest, infiniplex_forest_lined_ring,
          infiniplex_forest_straight_3, infiniplex_forest_zigzag_2,
          infiniplex_forest_clump_curved, infiniplex_forest_end_1,
          infiniplex_forest_end_2, uniq_robin
D:4:      layout_rooms, nicolae_qazlal_scattered_showers, dk_rats_in_the_wall
D:5:      lemuel_insect_pit, layout_loops_ring, mainiacjoe_overflow_paths,
          supply_closet_lemuel, nicolae_elevator_lobby_asterisk
D:6:      layout_gridville, mainiacjoe_overflow_catwalk,
          nicolae_overflow_hidden_temple, minmay_temple_entry_mist,
          lightli_corner_chamber
D:7:      layout_cave_pools, kennysheep_mini_moat, nicolae_ru_path_of_blood,
          minmay_misc_feat_more_columns, kennysheep_generic_room_12
D:8:      gammafunk_wand_slinger, layout_cave_pools, minmay_misc_feat_hallway
Temple:   pdpol_scorched_temple

Skill      XL: |  1  2  3  4  5  6  7  8  9 |
---------------+----------------------------+-----
Stealth        | 1 2 3 4 5 |  5.2
Fighting       | 3 4 5 6 7 |  7.3
Dodging        | 3 4 5 6 |  6.7
Bows           | 5 6 7 |  7.8
Invocations    | 1 2 |  2.1

Action                   |  1- 3 |  4- 6 |  7- 9 || total
-------------------------+-------+-------+-------++-------
Melee: Short sword       |    72 |       |       ||    72
       Shortbow          |     5 |       |       ||     5
       Headbutt          |     8 |    13 |    10 ||    31
       Dagger            |    40 |    80 |    44 ||   164
       Punch             |     2 |       |       ||     2
       Rapier            |       |       |     5 ||     5
 Fire: Shortbow          |    12 |     8 |    65 ||    85
       Hunting sling     |       |    61 |   150 ||   211
  Use: Scroll            |       |       |     8 ||     8
 Stab: Sleeping          |     2 |     2 |       ||     4
Armor: Leather armour    |    28 |    17 |       ||    45
       Ring mail         |       |    31 |    65 ||    96
Dodge: Dodged            |    74 |    65 |   120 ||   259

Table legend: (Time is in decaauts)
 A = Elapsed time spent in this place.
 B = Non-inter-level travel time spent in this place.
 C = Inter-level travel time spent in this place.
 D = Time resting spent in this place.
 E = Time spent auto-exploring this place.
 F = Levels seen in this place.
 G = Mean time per level.
                   A        B        C        D        E       F      G
               +--------+--------+--------+--------+--------+-----+--------+
         Total |   8923 |   8496 |    427 |    573 |   6367 |   9 |  991.4 |
       Dungeon |   8804 |   8377 |    427 |    573 |   6333 |   8 | 1100.5 |
        Temple |    118 |    118 |      0 |      0 |     34 |   1 |  118.0 |
               +--------+--------+--------+--------+--------+-----+--------+

Top non-repeatable levels by time:
     D:5: 1688 daAuts
     D:2: 1563 daAuts
     D:3: 1518 daAuts
     D:4: 1311 daAuts
     D:1: 1276 daAuts
     D:7: 760 daAuts
     D:6: 624 daAuts
  Temple: 118 daAuts
     D:8: 60 daAuts
